AoeStats
← [LCDR] Alone

Arabia

509975843Analyzed
3v3 RM · 4d ago on Sep 28, 2026· 36m 57s· 6 players
Game mode
Random Map
Map size
Normal (6 player)
Population
200
Speed
Normal
Resources
Standard
Victory
Conquest
Starting age
Dark Age
Ending age
Imperial Age
RankedLock teamsTeams togetherTeam positionsShared explorationLock speedFull tech treeHidden civsTurbo modeCheats
Victory
Defeat
🇩🇪 Maya · Germany
1562
+15
🇩🇪 Ethiopians · Germany
1523
+17
🇩🇪 Varangians · Germany
1514
+17
🇧🇷 Franks · Brazil
1702
-23
🇧🇷 Britons · Brazil
1529
-16
🇧🇷 Ethiopians · Brazil
1389
-10
Vicky R
6:20 Loom
9:04 Feudal Age
11:15 Fletching
15:49 Padded Archer Armor
20:37 Wheelbarrow
19:53 Double-Bit Axe
23:41 Castle Age
23:18 Horse Collar
23:40 Gold Mining
24:21 Bodkin Arrow
23:47 Crossbowman
25:09 Town Watch
28:26 Thumb Ring
29:38 Ballistics
33:08 Bow Saw
34:45 Leather Archer Armor
35:01 Heavy Plow
MyNameIsLassen
5:41 Loom
8:52 Feudal Age
9:24 Double-Bit Axe
9:21 Horse Collar
15:38 Scale Barding Armor
16:09 Bloodlines
18:17 Forging
24:30 Castle Age
23:34 Gold Mining
24:41 Light Cavalry
25:45 Chain Barding Armor
29:05 Iron Casting
29:31 Wheelbarrow
31:14 Husbandry
33:27 Hand Cart
32:57 Town Watch
34:00 Bow Saw
LM | Bumpi
0:27 Loom
9:43 Feudal Age
12:20 Fletching
17:02 Padded Archer Armor
23:01 Castle Age
21:03 Double-Bit Axe
21:37 Gold Mining
23:18 Horse Collar
23:08 Crossbowman
24:22 Bodkin Arrow
25:41 Wheelbarrow
24:54 Town Watch
26:56 Ballistics
29:16 Leather Archer Armor
31:33 Thumb Ring
[LCDR] Alone
6:55 Loom
9:18 Feudal Age
9:52 Double-Bit Axe
11:36 Forging
14:26 Scale Barding Armor
19:00 Gold Mining
21:54 Castle Age
20:47 Gold Mining
22:34 Husbandry
22:56 Chain Barding Armor
23:43 Iron Casting
SkOrPiO
6:24 Loom
8:20 Feudal Age
9:15 Double-Bit Axe
13:10 Fletching
17:37 Padded Archer Armor
34:03 Castle Age
34:06 Crossbowman
34:48 Bodkin Arrow
36:39 Ballistics
[LCDR]Zuru
2:14 Loom
2:52 Loom
7:39 Loom
10:01 Feudal Age
10:33 Double-Bit Axe
17:09 Fletching
18:49 Padded Archer Armor
24:44 Castle Age
22:58 Horse Collar
23:31 Gold Mining
25:39 Wheelbarrow
24:53 Town Watch
24:49 Crossbowman
25:25 Bodkin Arrow
26:18 Bow Saw
26:48 Leather Archer Armor
30:17 Thumb Ring
31:29 Ballistics
Connection lost

Rejoining the realm…

Still unreachable

The connection could not be restored.

Session expired

The server has moved on; the page needs a fresh start.